 Dungeon Crawl Stone Soup version 0.30.0-12-gd5a94ecb5d (webtiles) character file.

Game seed: 13303554127207847588

100 Ishchenko the Chopper (level 4, -4/40 HPs)
             Began as a Hill Orc Fighter on May 17, 2023.
             Slain by Crazy Yiuf
             ... wielding a +4 quarterstaff of chaos
              (11 damage)
             ... on level 2 of the Dungeon.
             The game lasted 00:01:49 (1599 turns).

Ishchenko the Chopper (Hill Orc Fighter)            Turns: 1599, Time: 00:01:50

Health: -4/40      AC:  7    Str: 20    XL:     4   Next: 73%
Magic:  1/4        EV: 14    Int:  8    God:
Gold:   82         SH:  4    Dex: 10    Spells: 3/3 levels left

rFire   . . .        a - +0 war axe
rCold   . . .        c - +0 buckler
rNeg    . . .        b - +0 scale mail
rPois   .            (no helmet)
rElec   .            (no cloak)
rCorr   .            (no gloves)
SInv    .            (no boots)
Will    .....        (no amulet) Stlth
                     (no ring)
HPRegen 0.26/turn    (no ring)
MPRegen 0.09/turn

%: no passive effects
@: agile, lethally poisoned (-4 -> -5)
A: no striking features
a: no special abilities


You were on level 2 of the Dungeon.
You visited 1 branch of the dungeon, and saw 2 of its levels.

You collected 82 gold pieces.

Inventory:

Hand Weapons
 a - a +0 war axe (weapon)
Armour
 b - a +0 scale mail (worn)
 c - a +0 buckler (worn)
Scrolls
 e - a scroll of brand weapon {unknown}
 h - a scroll of magic mapping {unknown}
 j - 3 scrolls of butterflies {unknown}
 m - a scroll of immolation {unknown}
Potions
 d - a potion of might
 f - 3 potions of curing {unknown}
 g - 4 potions of flight {unknown}
 i - a potion of heal wounds {unknown}
 k - 2 potions of degeneration {unknown}
 l - a potion of ambrosia {unknown}
 n - 2 potions of resistance {unknown}
 o - a potion of lignification {unknown}


   Skills:
 + Level 4.1 Fighting
 + Level 4.2 Axes
 + Level 3.7 Armour
 + Level 0.9 Dodging
 + Level 4.0 Shields


You had 3 spell levels left.
You didn't know any spells.
Your spell library contained the following spells:

 Spells                   Type           Power      Damage    Failure   Level
 Malign Gateway           Summ/Tloc      0%         N/A       100%        7
 Summon Horrible Things   Summ           0%         N/A       100%        8


Dungeon Overview and Level Annotations

Branches:
Dungeon (2/15)

Altars:

Annotations:
D:2 Crazy Yiuf


Message History

The fungus is lightly damaged.
You slash the fungus! You hit the fungus. You slash the fungus!
The fungus is lightly damaged.
You completely miss the fungus. You hit the fungus.
A nearby fungus withers and dies. x2
A nearby fungus withers and dies.
Found a hammer.
Found a runed translucent door.
Crazy Yiuf shouts!
Crazy Yiuf laughs, "Ghoul!
Goober leg sing-song."
You open the door. You hit Crazy Yiuf.
Crazy Yiuf is lightly wounded.
Crazy Yiuf closely misses you.
You barely miss Crazy Yiuf.
Crazy Yiuf is lightly wounded.
Crazy Yiuf hits you with a +4 quarterstaff of chaos!
Crazy Yiuf draws strength from your wounds!
Crazy Yiuf hits you with a +4 quarterstaff of chaos.
You are poisoned.
You hit Crazy Yiuf but do no damage.
Crazy Yiuf is lightly wounded.
You feel sick.
Crazy Yiuf hits you with a +4 quarterstaff of chaos.
You closely miss Crazy Yiuf.
Crazy Yiuf is lightly wounded.
You feel sick.
Crazy Yiuf hits you with a +4 quarterstaff of chaos.
You feel agile all of a sudden.
You slash Crazy Yiuf!
Crazy Yiuf is severely wounded.
You feel sick.
Crazy Yiuf hits you with a +4 quarterstaff of chaos!
* * * LOW HITPOINT WARNING * * *
You feel your power leaking away.
You hit Crazy Yiuf.
Crazy Yiuf is almost dead.
You feel sick.
Crazy Yiuf hits you with a +4 quarterstaff of chaos!
You die...

#######
#####
#.....#
#..)#
#####.#
#...#
#####.######
...
#...........
### #g#
#.###.######
#.# ♣♣@♣ #.#
#.# #.# ♣.♣♣
#.# #.# ####
#.# ♣♣.♣
#####>###...
#.# ♣.♣♣
#.÷......
#.# ♣♣.♣♣
####..###..(
#.# ♣...♣♣
#<....####.#
#.# ♣P...♣
####.###.>.#
#.# #....#
#.# #...)
#.####..###
#.# #.#..


You could see Crazy Yiuf.

Vanquished Creatures
  Jessica (D:2)
  Robin (D:2)
  A dart slug (D:2)
  4 endoplasms
  A giant cockroach (D:1)
  11 goblins
  7 hobgoblins
  3 jackals (D:2)
  5 kobolds
  2 quokkas (D:2)
  6 ball pythons
  4 bats
  3 frilled lizards
  3 rats
52 creatures vanquished.

Notes
Turn   | Place    | Note
-------+----------+-------------------------------------------
     0 | D:1      | Ishchenko the Hill Orc Fighter began the quest for the Orb.
     0 | D:1      | Reached XP level 1. HP: 19/19 MP: 1/1
   182 | D:1      | Reached XP level 2. HP: 22/27 MP: 2/2
   495 | D:1      | Reached XP level 3. HP: 27/33 MP: 3/3
   806 | D:2      | Found a faded altar of an unknown god.
   850 | D:2      | Noticed Jessica
   853 | D:2      | Noticed Robin
   861 | D:2      | Killed Jessica
   862 | D:2      | Reached XP level 4. HP: 39/40 MP: 4/4
  1102 | D:2      | Killed Robin
  1589 | D:2      | Found a runed translucent door.
  1590 | D:2      | Noticed Crazy Yiuf
  1599 | D:2      | Slain by Crazy Yiuf

Illustrated notes

Levels and vault maps discovered:
D:1:      minmay_arrival_widening_spiral_wide, layout_basic
D:2:      layout_loops_ring, hellmonk_ecumenical_altar_heavens_door,
          uniq_jessica, uniq_robin, uniq_crazy_yiuf_cottage

Skill      XL: |  1  2  3  4 |
---------------+-------------+-----
Axes           | 3 4 |  4.2
Fighting       | 4 |  4.1
Shields        | 4 |  4.0
Armour         | |  3.7
Dodging        | |  0.9

Action                     |  1- 3 |  4- 6 || total
---------------------------+-------+-------++-------
  Melee: War axe           |    86 |    63 ||   149
 Armour: Scale mail        |    47 |    28 ||    75
  Dodge: Dodged            |    50 |    40 ||    90
  Block: Buckler           |    23 |    13 ||    36
